 Dungeon Crawl Stone Soup version 0.22-a0-458-gb446440 (webtiles) character file.

21 4thArraOfDagon the Skirmisher (level 2, -4/27 HPs)
             Began as a Hill Orc Fighter on June 8, 2018.
             Was an Initiate of Okawaru.
             Killed from afar by Sigmund (6 damage)
             ... with a magic dart
             ... on level 4 of the Dungeon.
             The game lasted 00:02:27 (520 turns).

4thArraOfDagon the Skirmisher (Hill Orc Fighter)     Turns: 520, Time: 00:02:28

Health: -4/27      AC:  8    Str: 22 (23) XL:     2   Next: 87%
Magic:  2/2        EV: 14    Int: 12 (13) God:    Okawaru [......]
Gold:   14         SH:  0    Dex: 12 (15) Spells: 1/1 levels left

rFire    . . .     SeeInvis .   a - +0 war axe
rCold    . . .     Gourm    .   (no shield)
rNeg     . . .     Faith    .   b - +0 scale mail
rPois    .         Spirit   .   c - +0 helmet
rElec    .         Reflect  .   (no cloak)
rCorr    .         Harm     .   (no gloves)
MR       .....                  (no boots)
Stlth    +.........             (no amulet)
HPRegen  0.09/turn              (no ring)
MPRegen  0.08/turn              (no ring)

@: mighty, brilliant, agile, hasted, very quick
A: no striking features
a: Renounce Religion


You were on level 4 of the Dungeon.
You worshipped Okawaru.
Okawaru was noncommittal.
You were not hungry.

You visited 1 branch of the dungeon, and saw 4 of its levels.

You collected 14 gold pieces.

Inventory:

Hand Weapons
 a - a +0 war axe (weapon)
Armour
 b - a +0 scale mail (worn)
 c - a +0 helmet (worn)
 i - a +2 hat
Scrolls
 e - 4 scrolls of fear {unknown}
 g - a scroll of identify {unknown}
 m - a scroll of noise {unknown}
Potions
 d - a potion of might
Comestibles
 f - 2 rations


   Skills:
 + Level 4.0 Fighting
 * Level 3.9 Axes
 - Level 3.2 Armour
   Level 3.2 Shields
 + Level 0.2 Invocations


You had one spell level left.
You didn't know any spells.
Your spell library was empty.

Dungeon Overview and Level Annotations

Branches:
Dungeon (4/15)
 Temple: D:4-7

Altars:
Gozag
Okawaru

Annotations:
D:4 Sigmund


Message History

You feel weakened.
You feel dopey.
You feel clumsy.
Unknown command.
It was a potion of haste.
You feel yourself speed up.
Sigmund casts a spell.
Sigmund flickers and vanishes!
Deactivating autopickup; reactivate with Ctrl-A.
Unknown command.
It was a potion of brilliance.
You feel clever all of a sudden. Something hits you but does no damage.
You closely miss something. You slice something!!
You hear some strange, mumbled words.
A puff of flame appears from out of thin air!
The puff of flame misses you.
You closely miss something.
You hear some strange, mumbled words.
A magic dart appears from out of thin air!
The magic dart hits you!
You die... #(####### #.....{@# #.#######

There were no monsters in sight!

Vanquished Creatures
  A worm (D:2)
  4 leopard geckos
  A goblin (D:3)
  2 bats (D:2)
  A frilled lizard (D:3)
  4 kobolds
  3 rats
16 creatures vanquished.

Notes
Turn   | Place    | Note
-------+----------+-------------------------------------------
     0 | D:1      | 4thArraOfDagon the Hill Orc Fighter began the quest for the Orb.
     0 | D:1      | Reached XP level 1. HP: 19/19 MP: 1/1
   110 | D:2      | Reached XP level 2. HP: 14/27 MP: 2/2
   296 | D:3      | Reached skill level 4 in Fighting
   352 | D:3      | Found an opulent altar of Gozag.
   354 | D:3      | Found an iron altar of Okawaru.
   368 | D:3      | Became a worshipper of Warmaster Okawaru
   505 | D:4      | Noticed Sigmund
   520 | D:4      | Killed from afar by Sigmund

Vault maps used:
D:1:      minmay_arrival_checkered_box
D:3:      chequers_temple_overflow_statue_of_worship, first_ration,
          grunt_ministairs_8, eino_curves_03
D:4:      lemuel_round_altar, nicolae_ossuary_entry_catacombs, uniq_sigmund

Skill      XL: |  1  2 |
---------------+-------+-----
Axes           | 3 |  3.9
Fighting       | 4 |  4.0
Armour         | |  3.2
Shields        | |  3.2
Invocations    | |  0.2

Action                   || total
-------------------------++-------
Melee: War axe           ||    57
  Use: Potion            ||     5
Armor: Scale mail        ||    31
Dodge: Dodged            ||    29

Table legend:
 A = Spawn XP
 B = Non-spawn XP
 C = Spawn XP percentage of total XP
 D = Spawn monster count
 E = Non-spawn monster count
 F = Spawn count percentage of total count
 G = Total turns spent on level
                    A         B        C        D         E        F      G
               +---------+---------+-------+---------+---------+-------+---------
         Total |       0 |      31 |   0.0 |       0 |      16 |   0.0 |   520
               +---------+---------+-------+---------+---------+-------+---------
           D:1 |       0 |       5 |   0.0 |       0 |       3 |   0.0 |   114
           D:2 |       0 |      11 |   0.0 |       0 |       6 |   0.0 |   182
           D:3 |       0 |      15 |   0.0 |       0 |       7 |   0.0 |   209
               +---------+---------+-------+---------+---------+-------+---------
